 Dungeon Crawl Stone Soup version 0.17.0-23-g0de4337 (webtiles) character file.

135 Peloso the Shield-Bearer (level 4, -8/41 HPs)
             Began as a Minotaur Fighter on Nov 14, 2015.
             Killed from afar by Ijyb (10 damage)
             ... with a wand of frost
             ... on level 2 of the Dungeon.
             The game lasted 00:05:57 (1485 turns).

Peloso the Shield-Bearer (Minotaur Fighter)         Turns: 1485, Time: 00:05:57

Health: -8/41      AC:  7    Str: 21    XL:     4   Next: 97%
Magic:  3/3        EV:  8    Int:  5    God:
Gold:   85         SH: 10    Dex: 14    Spells: 0 memorised, 3 levels left

rFire  . . .     SeeInvis .     a - +0 long sword
rCold  . . .     Clarity  .     b - +0 scale mail
rNeg   . . .     SustAt   .     c - +0 shield
rPois  .         Gourm    .     (helmet restricted)
rElec  .         Spirit   .     (no cloak)
rCorr  .         Warding  .     (no gloves)
rMut   .         Stasis   .     (no boots)
MR     .....                    (no amulet)
Stlth  ..........               (no ring)
                                g - +4 ring of dexterity

@: not resistant to hostile enchantments, extremely unstealthy
A: retaliatory headbutt, horns 2
a: no special abilities


You were on level 2 of the Dungeon.
You were not hungry.

You visited 1 branch of the dungeon, and saw 2 of its levels.

You collected 85 gold pieces.

Inventory:

Hand Weapons
 a - a +0 long sword (weapon)
 n - a +1 dagger of flaming
Armour
 b - a +0 scale mail (worn)
 c - a +0 shield (worn)
Jewellery
 g - a +4 ring of dexterity (left hand)
 p - a +6 ring of intelligence {unknown}
Scrolls
 f - a scroll of recharging {unknown}
 j - a scroll of teleportation {unknown}
 l - a scroll of magic mapping {unknown}
 o - 3 scrolls of identify {unknown}
 q - a scroll of enchant weapon {unknown}
 r - a scroll of amnesia {unknown}
Potions
 d - a potion of might
 m - 3 potions of heal wounds {unknown}
Comestibles
 e - 2 bread rations
 h - 3 chunks of flesh
 i - a beef jerky
 k - a slice of pizza


   Skills:
 + Level 4.4 Fighting
 + Level 3.5 Long Blades
 + Level 4.2 Armour
 + Level 1.6 Dodging
 + Level 4.8 Shields


You had 3 spell levels left.
You didn't know any spells.

Dungeon Overview and Level Annotations

Branches:
Dungeon (2/15)

Altars:
Elyvilon
Trog

Annotations:
D:2 Ijyb


Innate Abilities, Weirdness & Mutations

You reflexively headbutt those who attack you in melee.
You have a pair of horns on your head.


Message History

Ijyb burns you.
* * * LOW HITPOINT WARNING * * *
You closely miss Ijyb.
Ijyb is almost dead.
Ijyb zaps a wand.
The puff of frost hits you!
* * * LOW HITPOINT WARNING * * *
You barely miss Ijyb.
Ijyb is almost dead.
Ijyb hits you but does no damage.
You hit Ijyb. Your headbutt misses Ijyb.
Ijyb is almost dead.
Ijyb zaps a wand.
You block the puff of frost. Ijyb hits you with a dagger of flaming.
* * * LOW HITPOINT WARNING * * *
Ijyb burns you.
* * * LOW HITPOINT WARNING * * *
You hit Ijyb.
Ijyb is almost dead.
Ijyb zaps a wand.
The puff of frost hits you!
You die...

.......#...# #.#
#.#########.#
######.##)## #.# #.# ###
.....).##.# #.# #.#
#########.## ########'##
.#...###...###...#.....#
...⌠....._.....⌠.......#
##...###..[###...#.....#
##### ##.##.#####.....#
#.##...g@......#
#.##...........#
...##..$.......# ⌠.
#..........#
#..######+## #... (..#.
####.


You could see Ijyb.

Vanquished Creatures
  Terence (D:2)
  Robin (D:2)
  2 adders (D:2)
  4 worms (D:2)
  3 giant geckos
  A ball python (D:1)
  2 giant cockroaches
  14 goblins
  11 hobgoblins
  6 kobolds
  6 bats
  6 giant newts
  8 rats
65 creatures vanquished.

Notes
Turn   | Place    | Note
--------------------------------------------------------------
     0 | D:1      | Peloso the Minotaur Fighter began the quest for the Orb.
     0 | D:1      | Reached XP level 1. HP: 19/19 MP: 0/0
   100 | D:1      | Reached skill level 4 in Shields
   421 | D:1      | Reached XP level 2. HP: 27/27 MP: 1/1
   837 | D:1      | Reached XP level 3. HP: 33/33 MP: 2/2
   907 | D:2      | Found a bloodstained altar of Trog.
  1007 | D:2      | Noticed Robin
  1036 | D:2      | Killed Robin
  1038 | D:2      | Reached XP level 4. HP: 24/40 MP: 3/3
  1149 | D:2      | Noticed Terence
  1155 | D:2      | Reached skill level 1 in Dodging
  1160 | D:2      | Killed Terence
  1321 | D:2      | Found a white marble altar of Elyvilon.
  1470 | D:2      | Noticed Ijyb
  1484 | D:2      | HP: 2/41 [Ijyb/dagger of flaming (1)]
  1485 | D:2      | Killed from afar by Ijyb

Action                   |  1- 3 |  4- 6 || total
-------------------------+-------+-------++-------
Melee: Long sword        |   102 |    80 ||   182
  Eat: Chunk             |       |     2 ||     2
